 Dungeon Crawl Stone Soup version 0.27-a0-1384-g1422d76b99 (webtiles) character file.

Game seed: 9791428068569969662

500548 ksg the Spry (level 26, -1/174 HPs)
             Began as a Kobold Enchanter on June 30, 2021.
             Was an Initiate of Gozag.
             Slain by a spriggan berserker (32 damage)
             ... on level 4 of the Depths.
             The game lasted 05:05:56 (129009 turns).

ksg the Spry (Kobold Enchanter)                   Turns: 129009, Time: 05:05:57

Health: -1/174     AC: 30    Str: 15    XL:     26   Next: 49%
Magic:  0/46       EV: 28    Int: 20    God:    Gozag
Gold:   5295       SH: 10    Dex: 16    Spells: 18/45 levels left

rFire    + + +     SeeInvis .   a - +8 demon blade (flame)
rCold    + + +     Faith    .   S - +3 warlock's mirror {reflect}
rNeg     + + .     Spirit   +   o - +7 swamp dragon scales
rPois    +         Reflect  +   q - +2 hood of the Assassin {Detection Stab+ Stlth++}
rElec    +         Harm     .   i - +2 cloak {rPois}
rCorr    +         Rampage  .   u - +2 pair of gloves {Stlth+}
Will     ++++.                  R - +1 pair of boots of Objectivity {Fly Int+3} Stlth *+++++++++
                                B - amulet "Mauchyh" {Spirit Drain rElec rPois rF+++}
HPRegen  0.39/turn              D - ring of Iluciol {rC+++ Will+++ MP+9 Str+4 Int-3}
MPRegen  0.30/turn              p - ring "Noulov" {rF+ rN++ rCorr EV+4 Dex-4}

@: weakened, gold aura, flying
A: small, no large weapons, nightstalker 3, iridescent scales 1, clever 1, wild
magic 1
}: 2/15 runes: decaying, gossamer
a: Renounce Religion, Potion Petition, Call Merchant, Bribe Branch


You were on level 4 of the Depths.
You worshipped Gozag.
Gozag was greatly pleased with you.
You visited 9 branches of the dungeon, and saw 43 of its levels.
You visited 1 bazaar.
You also visited: Trove, Gauntlet and Ice Cave.

You collected 21912 gold pieces.
You spent 8672 gold pieces at shops.
You paid 7945 gold pieces to Gozag.

Inventory:

Hand Weapons
 a - a +8 demon blade of flaming (weapon)
 b - the +7 hand crossbow of Contention {venom, Fly rElec Dex-2 Stlth+}
   (You found it on level 15 of the Dungeon)

   It poisons the ammo it fires.
   Dex:       It affects your dexterity (-2).
   rElec:     It insulates you from electricity.
   Fly:       It grants you flight.
   Stlth:     It makes you more stealthy.
 G - a +9 quick blade
Missiles
 y - 4 throwing nets
 M - 929 bolts
Armour
 i - a +2 cloak of poison resistance (worn)
 o - +7 swamp dragon scales (worn)
 q - the +2 hood of the Assassin (worn) {Detection Stab+ Stlth++}
   (You found it on level 1 of the Lair of Beasts)

   Stlth:     It makes you much more stealthy.
 u - a +2 pair of gloves of stealth (worn)
 R - the +1 pair of boots of Objectivity (worn) {Fly Int+3}
   (You acquired it on level 5 of the Lair of Beasts)

   Int:       It affects your intelligence (+3).
   Fly:       It grants you flight.
 S - the +3 warlock's mirror (worn) {reflect}
   (You found it in a Gauntlet)
Jewellery
 m - the ring of Untruth {Ice Int+3 Slay+5}
   (You bought it in a shop on level 2 of the Lair of Beasts)

   [ring of ice]

   It enhances your ice magic.Int: It affects your intelligence (+3).
   Slay:      It affects your accuracy & damage with ranged weapons and melee
   (+5).
   rF:        It makes you vulnerable to fire.
   rC:        It protects you from cold.
 p - the ring "Noulov" (right hand) {rF+ rN++ rCorr EV+4 Dex-4}
   (You found it in a treasure trove)

   [ring of evasion]

   EV:        It affects your evasion (+4).
   Dex:       It affects your dexterity (-4).
   rF:        It protects you from fire.
   rN:        It greatly protects you from negative energy.
   rCorr:     It protects you from acid and corrosion.
 B - the amulet "Mauchyh" (around neck) {Spirit Drain rElec rPois rF+++}
   (You acquired it on level 7 of the Dungeon)

   [amulet of guardian spirit]

   It causes incoming damage to be divided between your reserves of health and
   magic.rF: It renders you almost immune to fire.
   rElec:     It insulates you from electricity.
   rPois:     It protects you from poison.
   Drain:     It drains your maximum health when unequipped.
 D - the ring of Iluciol (left hand) {rC+++ Will+++ MP+9 Str+4 Int-3}
   (You found it on level 1 of the Elven Halls)

   [ring of magical power]

   Str:       It affects your strength (+4).
   Int:       It affects your intelligence (-3).
   rC:        It renders you almost immune to cold.
   MP:        It affects your magic capacity (+9).
   Will:      It greatly increases your willpower.
 E - a +4 ring of slaying
 P - the ring of Springtime {rPois rN+ Slay-2 SInv}
   (You bought it in a shop on level 2 of the Orcish Mines)

   [ring of poison resistance]

   Slay:      It affects your accuracy & damage with ranged weapons and melee
   (-2).
   rPois:     It protects you from poison.
   rN:        It protects you from negative energy.
   SInv:      It lets you see invisible.
Wands
 g - a wand of digging (7)
 n - a wand of acid (12)
 U - a wand of paralysis (13)
 X - a wand of iceblast (42)
Scrolls
 c - a scroll of holy word
 j - 10 scrolls of teleportation
 t - 3 scrolls of enchant armour
 v - a scroll of summoning
 x - a scroll of fear
 A - 2 scrolls of magic mapping
 F - 3 scrolls of silence
 I - 6 scrolls of immolation
 J - 2 scrolls of blinking
 N - 4 scrolls of vulnerability
 T - 3 scrolls of fog
Potions
 e - 6 potions of brilliance
 f - 9 potions of curing
 h - 8 potions of lignification
 l - 21 potions of mutation
 r - 2 potions of berserk rage
 s - 4 potions of magic
 w - 4 potions of resistance
 z - 6 potions of might
 C - 8 potions of ambrosia
 L - 3 potions of cancellation
 W - 9 potions of haste
 Y - a potion of invisibility
Miscellaneous
 d - a lightning rod (4/4)
 H - a phantom mirror
 K - a phial of floods
 Q - a tin of tremorstones (1/2)
 V - a condenser vane
 Z - a box of beasts


   Skills:
 - Level 20.0 Fighting
 - Level 1.3(13.7) Short Blades
 - Level 13.9(14.0) Long Blades
 - Level 10.0 Crossbows
 - Level 10.0 Armour
 - Level 20.0 Dodging
 - Level 20.0 Stealth
 + Level 6.7 Shields
 - Level 10.0 Spellcasting
 - Level 5.0 Conjurations
 - Level 10.0 Hexes
 - Level 5.0 Translocations
 - Level 5.0 Ice Magic
 - Level 5.0 Air Magic
 - Level 5.0 Poison Magic
 - Level 20.0 Evocations


You had 18 spell levels left.
You knew the following spells:

 Your Spells              Type           Power      Damage    Failure   Level
a - Corona                Hex            66%        N/A       1%          1
b - Ensorcelled Hibernat  Hex/Ice        100%       N/A       1%          2
c - Confusing Touch       Hex            60%        N/A       1%          3
d - Tukima's Dance        Hex            60%        N/A       1%          3
e - Dazzling Flash        Conj/Hex       100%       N/A       3%          3
f - Apportation           Tloc           78%        N/A       3%          1
g - Slow                  Hex            60%        N/A       1%          2
h - Cause Fear            Hex            30%        N/A       3%          4
i - Portal Projectile     Hex/Tloc       100%       N/A       3%          3
j - Blink                 Tloc           N/A        N/A       4%          2
k - Mephitic Cloud        Conj/Pois/Air  39%        N/A       7%          3

Your spell library contained the following spells:

 Spells                   Type           Power      Damage    Failure   Level
 Freeze                   Ice            100%       1d11      3%          1
 Magic Dart               Conj           100%       1d8       3%          1
 Shock                    Conj/Air       100%       1d9       3%          1
 Static Discharge         Conj/Air       39%        N/A       4%          2
 Foxfire                  Conj/Fire      100%       2x1d9     7%          1
 Frozen Ramparts          Ice            78%        1d9       7%          3
 Gell's Gravitas          Tloc           19%        N/A       7%          3
 Inner Flame              Hex/Fire       39%        N/A       7%          3
 Lesser Beckoning         Tloc           19%        N/A       7%          3
 Ozocubu's Armour         Ice            39%        N/A       7%          3
 Summon Guardian Golem    Hex/Summ       39%        N/A       7%          3
 Swiftness                Air            39%        N/A       7%          3
 Teleport Other           Tloc           39%        N/A       7%          3
 Animate Skeleton         Necr           26%        N/A       17%         1
 Beastly Appendage        Tmut           26%        N/A       17%         1
 Pain                     Necr           52%        1d6       17%         1
 Summon Small Mammal      Summ           52%        N/A       17%         1
 Conjure Flame            Conj/Fire      26%        6-21      17%         3
 Spider Form              Tmut/Pois      13%        N/A       17%         3
 Airstrike                Air            19%        N/A       21%         4
 Hailstorm                Conj/Ice       39%        3d9       21%         4
 Leda's Liquefaction      Hex/Erth       19%        N/A       21%         4
 Metabolic Englaciation   Hex/Ice        25%        N/A       21%         5
 Silence                  Hex/Air        25%        N/A       21%         5
 Call Imp                 Summ           13%        N/A       24%         2
 Wereblood                Tmut           13%        N/A       24%         2
 Ignite Poison            Fire/Tmut/Pois 21%        N/A       26%         3
 Call Canine Familiar     Summ           13%        N/A       43%         3
 Vampiric Draining        Necr           6%         2d6       43%         3
 Ice Form                 Ice/Tmut       26%        N/A       47%         4
 Sticky Flame             Conj/Fire      26%        2d5       47%         4
 Summon Ice Beast         Ice/Summ       26%        N/A       47%         4
 Summon Lightning Spire   Summ/Air       26%        N/A       47%         4
 Lightning Bolt           Conj/Air       19%        1d34      47%         5
 Manifold Assault         Tloc           39%        N/A       47%         5
 Yara's Violent Unravell  Hex/Tmut       19%        3d9       47%         5
 Animate Armour           Summ/Erth      26%        N/A       82%         4
 Animate Dead             Necr           6%         N/A       82%         4
 Petrify                  Tmut/Erth      13%        N/A       82%         4
 Fireball                 Conj/Fire      13%        3d7       82%         5
 Summon Forest            Summ/Tloc      13%        N/A       82%         5
 Bolt of Magma            Conj/Fire/Erth 10%        4d7       90%         5
 Conjure Ball Lightning   Conj/Air       19%        3x3d6     95%         6
 Agony                    Necr           13%        N/A       98%         5
 Blade Hands              Tmut           6%         N/A       98%         5
 Eringya's Noxious Bog    Tmut/Pois      13%        N/A       100%        6
 Iron Shot                Conj/Erth      13%        9d3       100%        6
 Statue Form              Tmut/Erth      8%         N/A       100%        6
 Haunt                    Necr/Summ      6%         N/A       100%        7
 Malign Gateway           Summ/Tloc      13%        N/A       100%        7
 Monstrous Menagerie      Summ           6%         N/A       100%        7
 Storm Form               Tmut/Air       13%        N/A       100%        7
 Ignition                 Fire           6%         3d4       100%        8
 Maxwell's Capacitive Co  Air            19%        ∞         100%        8
 Summon Horrible Things   Summ           6%         N/A       100%        8
 Polar Vortex             Ice            19%        N/A       100%        9
 Shatter                  Erth           6%         3d9*      100%        9


Dungeon Overview and Level Annotations

Branches:
Dungeon (15/15)            Temple (1/1) D:6            Lair (6/6) D:9
  Swamp (4/4) Lair:3       Spider (4/4) Lair:2        Slime (0/5) Lair:6
    Orc (2/2) D:9             Elf (3/3) Orc:2        Vaults (4/5) D:14
  Crypt (0/3) Vaults:2     Depths (4/5) D:15          IceCv (visited)
Gauntlet (visited)

Altars:
Ashenzari
Cheibriados
Dithmenos
Elyvilon
Fedhas
Gozag
Hepliaklqana
Kikubaaqudgha
Makhleb
Nemelex Xobeh
Okawaru
Qazlal
Ru
Sif Muna
Trog
Uskayaw
Vehumet
Wu Jian
Xom
Yredelemnul
Zin
The Shining One
Beogh
Jiyva
Lugonu

Shops:
D:2 (   D:9 *   Orc:2 ***(=   Elf:1 *   Elf:2 [*(   Elf:3 :   Lair:2 =*
Vaults:2 *   Vaults:3 *

Portals:
Hell: Depths:1 Depths:2 Depths:3 Depths:4
Abyss: Elf:1 Lair:2 Depths:3 Depths:4
Pandemonium: Orc:2 Depths:3
Ziggurat: Depths:3

Annotations:
Lair:6 1 runed translucent door
Vaults:2 Viffuud's ghost, master GrBe


Innate Abilities, Weirdness & Mutations

You are small and have problems with some larger weapons.
You are completely attuned to the shadows.
You are partially covered in iridescent scales. (AC +2)
Your mind is acute. (Int +2)
Your spells are a little harder to cast, but a little more powerful.


Message History

You see here 6 gold pieces.
The spriggan berserker hits you from afar with the +10 trident of Hubris {protect, rF+++ Str-5 Int+5 Dex+3}.
* * * LOW HITPOINT WARNING * * *
The spriggan berserker hits you from afar with the +10 trident of Hubris {protect, rF+++ Str-5 Int+5 Dex+3}!
* * * LOW HITPOINT WARNING * * *
Aiming: Ensorcelled Hibernation (safe; 1% risk of failure)
Press: ? - help, Q - select action, (/) - cycle Shift-Dir - straight line, f - salamander tyrant
Aim: a salamander tyrant (chance to affect: 37%)
The salamander tyrant easily resists.
The spriggan berserker hits you from afar with the +10 trident of Hubris {protect, rF+++ Str-5 Int+5 Dex+3}.
* * * LOW HITPOINT WARNING * * *
The salamander tyrant barely misses you.
Aiming: Ensorcelled Hibernation (safe; 1% risk of failure)
Press: ? - help, Q - select action, (/) - cycle Shift-Dir - straight line, f/p - salamander tyrant
Aim: a salamander tyrant (chance to affect: 37%)
The salamander tyrant easily resists.
The spriggan berserker hits you from afar with the +10 trident of Hubris {protect, rF+++ Str-5 Int+5 Dex+3}.
* * * LOW HITPOINT WARNING * * *
You block the spriggan berserker's attack.
The salamander tyrant gazes fiercely through you!
You feel as though you will be weak longer.
The salamander tyrant barely misses you.
Aiming: Ensorcelled Hibernation (safe; 1% risk of failure)
Press: ? - help, Q - select action, (/) - cycle Shift-Dir - straight line, f/p - salamander tyrant
Aim: a salamander tyrant (chance to affect: 37%)
The salamander tyrant looks drowsy...
The spriggan berserker misses you.
The helpless salamander tyrant fails to defend itself.
You cut the salamander tyrant into ribbons!!!!
You kill the salamander tyrant!
The spriggan berserker hits you from afar with the +10 trident of Hubris {protect, rF+++ Str-5 Int+5 Dex+3}.
* * * LOW HITPOINT WARNING * * *
Aiming: Ensorcelled Hibernation (safe; 1% risk of failure)
Press: ? - help, Q - select action, (/) - cycle Shift-Dir - straight line, f - you
Okay, then.
The spriggan berserker hits you from afar with the +10 trident of Hubris {protect, rF+++ Str-5 Int+5 Dex+3}!!!
* * * LOW HITPOINT WARNING * * *
The spriggan berserker hits you from afar with the +10 trident of Hubris {protect, rF+++ Str-5 Int+5 Dex+3}!!!
You die...
Your body crumbles into a pile of gold.

#############********
#8....'.....#.,,,..8*
###'###...[.'.,,,..#
#.....###[########'#
#...}.'..[..'..#...#
#'###########..#...# $
#.#8#8#8#.###@###$## {
#..........##..i$..#
#[.........8######.####'
###8#8##...## #[)[...
###8#####8...8# ###...#
##...[#####...## ....
#.........'...'§○ ○N..
...(.[#####)..### §...
####8## 8...8#


You could see a spriggan berserker (berserk, regenerating, strong-willed).

Vanquished Creatures
  Mara (Vaults:3)
  Frederick (Depths:4)
  Bai Suzhen (Spider:3)
  the Enchantress (Depths:3)
  Arachne (Spider:4)
  A tentacled monstrosity (Swamp:4)
  2 liches (Depths:4)
  Asterion (Spider:2)
  A deep elf master archer (Elf:3)
  The ghost of Yloucecuu the Ninja, a veteran SpEn of Dithmenos (Vaults:2)
  A quicksilver dragon (Vaults:4)
  5 deep elf blademasters
  An Executioner (Elf:1)
  A titan (Vaults:2)
  A tentacled starspawn (Elf:1)
  Kirke (Lair:4)
  2 thorn hunters
  3 tengu reavers
  A storm dragon (Depths:1)
  Roxanne (Swamp:4)
  4 fire giants
  A storm dragon (shapeshifter) (Elf:1)
  A fenstrider witch (Swamp:1)
  The ghost of Deodd the Tortoise, an adept GrFi of Okawaru (Swamp:4)
  12 deep elf sorcerers
  The ghost of Tocho the Peltast, a journeyman HuFi of Makhleb (Orc:1)
  6 ghost moths
  6 emperor scorpions
  A balrug (Depths:1)
  3 frost giants
  6 orc warlords
  10 vault wardens
  8 deep elf elementalists
  2 ghouls (Swamp:4)
  The ghost of Pottery the Fencer, a journeyman DsBe of Trog (Elf:1)
  30 very ugly things
  6 spriggan defenders
  9 ironbound preservers
  2 war gargoyles
  6 caustic shrike skeletons (Depths:3)
  6 deep elf demonologists
  10 dire elephants
  An entropy weaver (shapeshifter) (Elf:1)
  8 deep elf annihilators (Elf:3)
  16 stone giants
  A minotaur (Gauntlet)
  4 entropy weavers
  4 bunyips
  15 spark wasps
  A statue (Depths:4)
  A merfolk impaler (Depths:1)
  An ettin (shapeshifter) (Depths:4)
  An eidolon (Vaults:2)
  4 ettins
  11 fire dragons
  2 shambling mangroves (Swamp:4)
  A crystal guardian (Vaults:2)
  2 merfolk javelineers
  Snorg (D:10)
  5 eleionomae
  9 deep elf death magi
  A jiangshi (Vaults:2)
  8 yaktaur captains
  5 deep elf high priests
  6 ironbound thunderhulks
  3 great orbs of eyes
  5 rakshasas
  6 ice dragons
  19 hydras
  4 salamander tyrants (Depths:4)
  5 vault guards (D:14)
  2 catoblepae
  Erolcha (D:10)
  6 spriggan air magi
  3 ghost crabs
  5 ironbound frosthearts
  3 peacekeepers
  9 boulder beetles
  5 centaur warriors
  8 death yaks (Depths:3)
  4 alligators
  8 death scarabs (Spider:4)
  5 deep troll shamans
  4 vampire magi
  2 two-headed ogres
  Urug (Lair:3)
  A deep troll earth mage (Depths:1)
  6 ironbound beastmasters
  12 tengu warriors
  8 spriggan berserkers
  10 hell knights
  8 orc high priests
  23 deep elf knights
  2 sun demons (Depths:1)
  Sonja (D:10)
  9 iron trolls
  70 spriggans
  2 goliath frogs
  8 skeletal warriors
  26 deep trolls
  A sea snake (shapeshifter) (Elf:2)
  16 wizards
  15 spriggan druids
  2 death drakes
  A death drake (shapeshifter) (Depths:2)
  3 glowing orange brains
  A torturous demonspawn (Orc:2)
  15 swamp dragons
  3 bog bodies
  An infernal demonspawn (Orc:2)
  2 flayed ghosts (Depths:4)
  An orange crystal statue (D:8)
  11 lindwurms
  3 spectral wolf spiders (Spider:4)
  10 deep elf archers
  A harpy (Vaults:3)
  15 ironbound convokers
  20 orc knights
  31 deep elf pyromancers
  37 deep elf zephyrmancers
  6 necromancers
  A stone giant zombie (Vaults:1)
  2 wolf spider zombies (Spider:4)
  13 orb spiders
  24 wolf spiders
  36 ugly things
  4 will-o-the-wisps
  7 orc sorcerers
  38 slime creatures
  5 cyclopes
  3 manticores
  4 elephants (Lair:5)
  5 centaur zombies
  12 vault sentinels
  2 moths of wrath
  3 ice statues
  4 molten gargoyles
  6 black mambas
  A gargoyle (Gauntlet)
  16 cane toads
  20 yaktaurs
  A hellion (Elf:1)
  3 orange demons (Orc:2)
  6 rime drakes
  6 demonic crawlers
  7 spectral redbacks (Spider:4)
  2 elf skeletons (Vaults:1)
  An unseen horror (D:12)
  Psyche (D:10)
  A redback zombie (Spider:4)
  7 tengu conjurers
  A kobold demonologist (D:13)
  11 komodo dragons
  An efreet (D:14)
  A large abomination (Elf:1)
  A bloated husk (Swamp:1)
  8 trolls
  43 jumping spiders
  8 tyrant leeches
  17 polar bears
  4 spectral tarantellas (Spider:4)
  Prince Ribbit (D:7)
  3 spectral jumping spiders (Spider:4)
  42 hornets
  3 jumping spider zombies (Spider:4)
  3 air elementals
  69 redbacks
  A shadow (D:12)
  31 tarantellas
  8 wyverns
  71 yaks
  10 water elementals
  2 fire elementals
  4 wraiths
  5 basilisks
  4 hogs (Lair:4)
  A neqoxec (Orc:2)
  10 vampire mosquitoes
  4 steam dragons
  A chaos spawn (Orc:2)
  4 wargs
  2 acid dragons
  5 hell hounds
  16 swamp worms
  13 water moccasins
  8 swamp drakes
  2 hornet zombies (Spider:4)
  31 orc warriors
  2 ice beasts
  11 wolves
  9 centaurs
  3 ogres (Orc:2)
  3 boggarts (Vaults:1)
  A human skeleton (Vaults:1)
  A phantom (D:4)
  9 bullfrogs
  2 kobold brigands
  A wyvern zombie (D:8)
  3 earth elementals
  4 scorpions
  A water moccasin skeleton (D:5)
  20 killer bees
  5 wights
  12 electric eels
  3 howler monkeys (D:8)
  9 lava snakes
  Crazy Yiuf (D:5)
  2 centaur skeletons
  2 jellies
  24 orc priests
  2 hounds
  A gnoll shaman (D:6)
  A bullfrog skeleton (D:5)
  2 iguanas
  19 orc wizards
  4 wolf simulacra (Lair:6)
  2 killer bee zombies (D:8)
  3 polar bear simulacra (Lair:6)
  2 howler monkey zombies (D:8)
  6 gnolls
  6 adders
  2 shadow imps
  7 worms
  3 dart slugs (D:3)
  65 orcs
  8 endoplasms
  5 giant cockroaches (Lair:2)
  8 goblins
  7 hobgoblins
  2 quokkas
  8 ball pythons
  2 bats
  2 frilled lizards
  15 kobolds
  A rat (D:2)
  4 river rat simulacra (Lair:6)
  2 bushes (Depths:3)
  A lurking horror (Lair:2)
1765 creatures vanquished.

Vanquished Creatures (collateral kills)
  A two-headed ogre (D:9)
  A polar bear (IceCv)
  4 ogres
  6 wights
  A bullfrog skeleton (D:6)
  2 gnolls (D:6)
  An orc (D:9)
16 creatures vanquished.

Vanquished Creatures (others)
  A lich (Depths:4)
  2 deep elf annihilators (Depths:4)
  A spriggan air mage (Depths:4)
  An anaconda (shapeshifter) (Vaults:4)
  A deep elf knight (Elf:1)
  A deep elf pyromancer (Elf:3)
  A vault sentinel (Vaults:3)
  A yaktaur (Vaults:3)
  A hog (Lair:4)
  32 dancing weapons
  A swamp worm (Swamp:2)
  A bush (Depths:3)
  2 foxfires (Swamp:3)
  44 fungi
  A lurking horror (Lair:2)
  66 plants
  3 starspawn tentacles (Elf:1)
  4 withered plants (Depths:1)
164 creatures vanquished.

Grand Total: 1945 creatures vanquished

Notes
Turn   | Place    | Note
-------+----------+-------------------------------------------
     0 | D:1      | ksg the Kobold Enchanter began the quest for the Orb.
     0 | D:1      | Reached XP level 1. HP: 10/10 MP: 3/3
    38 | D:1      | Found a faded altar of an unknown god.
   259 | D:1      | Reached skill level 1 in Fighting
   419 | D:1      | Reached XP level 2. HP: 17/17 MP: 5/5
   422 | D:1      | Learned a level 2 spell: Ensorcelled Hibernation
  1215 | D:1      | Found a faded altar of an unknown god.
  1776 | D:2      | Reached skill level 1 in Ice Magic
  1776 | D:2      | Reached XP level 3. HP: 21/21 MP: 3/6
  1824 | D:2      | Found Xyuri's Antique Weapon Shoppe.
  3253 | D:3      | Reached XP level 4. HP: 26/26 MP: 7/7
  3309 | D:2      | Learned a level 3 spell: Confusing Touch
  3315 | D:3      | Reached skill level 5 in Stealth
  3915 | D:3      | Reached XP level 5. HP: 32/32 MP: 8/8
  5970 | D:4      | Reached XP level 6. HP: 40/40 MP: 9/9
  6036 | D:4      | Noticed an ogre
  6300 | D:2      | Reached skill level 5 in Fighting
  6488 | D:4      | Learned a level 3 spell: Tukima's Dance
  7565 | D:4      | Killed an ogre
  7566 | D:4      | Reached XP level 7. HP: 38/44 MP: 2/10
  7783 | D:5      | Entered Level 5 of the Dungeon
  7892 | D:5      | Reached skill level 5 in Hexes
  7974 | D:5      | Found a runed translucent door.
  7977 | D:5      | Noticed Crazy Yiuf
  8535 | D:5      | Killed Crazy Yiuf
  8689 | D:5      | Reached XP level 8. HP: 49/49 MP: 13/15
  8767 | D:5      | Reached skill level 5 in Spellcasting
  8895 | D:5      | Learned a level 3 spell: Dazzling Flash
 10172 | D:6      | Reached skill level 5 in Dodging
 10405 | D:6      | Found an iron altar of Okawaru.
 10581 | D:6      | Reached XP level 9. HP: 54/54 MP: 16/16
 11197 | D:6      | Found a staircase to the Ecumenical Temple.
 11203 | Temple   | Entered the Ecumenical Temple
 11527 | D:7      | Noticed Prince Ribbit
 11533 | D:7      | Killed Prince Ribbit
 11599 | D:7      | Reached skill level 5 in Long Blades
 11801 | D:7      | Identified 3 scrolls of acquirement
 11801 | D:7      | Acquired 614 gold pieces
 11803 | D:7      | Acquired the amulet of Vitality {Regen+ HP+15}
 11804 | D:7      | Found the amulet of Vitality {Regen+ HP+15}
 11866 | D:7      | Acquired the amulet "Mauchyh" {Spirit Drain rElec rPois
                  | rF+++}
 12512 | D:7      | Identified the +5 long sword of the Devouring Seeker
                  | {flame, rN+ Dex+3 Stlth+}
 12779 | D:7      | Found a stormy altar of Qazlal.
 12872 | D:8      | Noticed an orange crystal statue
 13187 | D:8      | Noticed a hornet
 13191 | D:8      | Killed a hornet
 13453 | D:7      | Reached XP level 10. HP: 48/59 MP: 9/17
 13943 | D:8      | Noticed an ice statue
 15352 | D:9      | Found Syelic's Assorted Antiques.
 15355 | D:9      | Bought a scroll of identify for 54 gold pieces
 15355 | D:9      | Bought 2 scrolls of identify for 108 gold pieces
 15355 | D:9      | Bought a scroll labelled QEYVUR VOHUY for 27 gold pieces
 15362 | D:9      | Noticed a two-headed ogre
 15368 | D:9      | Killed a two-headed ogre
 15936 | D:8      | Noticed a centaur warrior
 16100 | D:9      | Killed a centaur warrior
 16188 | D:9      | Found a blossoming altar of Fedhas.
 16214 | D:9      | Identified the +3 chain mail of Nanuj {Str+3}
 16231 | D:9      | Found an opulent altar of Gozag.
 16231 | D:9      | Found a glowing silver altar of Zin.
 16245 | D:9      | Became a worshipper of Gozag Ym Sagoz the Greedy
 16488 | D:9      | Found a staircase to the Orcish Mines.
 17160 | D:9      | Found a staircase to the Lair.
 17676 | D:9      | Reached XP level 11. HP: 63/63 MP: 13/18
 17771 | D:9      | Bought a runed bronze ring for 135 gold pieces
 17771 | D:9      | Bought a twisted gold wand for 108 gold pieces
 18097 | D:8      | Noticed a boulder beetle
 18121 | D:8      | Killed a boulder beetle
 18416 | D:10     | Entered Level 10 of the Dungeon
 18797 | D:10     | Noticed Sonja
 18807 | D:10     | Killed Sonja
 18865 | D:10     | Noticed Psyche
 18909 | D:10     | Killed Psyche
 18910 | D:10     | Reached skill level 10 in Long Blades
 19408 | D:9      | Found a sacrificial altar of Ru.
 19408 | D:9      | Found a shadowy altar of Dithmenos.
 19605 | D:10     | Noticed Erolcha
 19994 | D:10     | Found a broken altar of Ashenzari.
 20097 | D:10     | Noticed Snorg
 20681 | D:11     | Noticed a cyclops
 20689 | D:11     | Killed a cyclops
 20690 | D:11     | Reached skill level 10 in Hexes
 20690 | D:11     | Reached XP level 12. HP: 55/68 MP: 7/19
 21426 | D:11     | Found a radiant altar of Vehumet.
 22729 | D:11     | Found a radiant altar of Vehumet.
 23205 | Lair:1   | Entered Level 1 of the Lair of Beasts
 23513 | Lair:1   | Identified the +5 hand crossbow of Generosity {venom, Drain
                  | Int+3 Stlth+}
 24541 | Lair:1   | Noticed a six-headed hydra
 24964 | Lair:1   | Killed a five-headed hydra
 25157 | Lair:1   | Found a runed translucent door.
 25993 | Lair:1   | Found the +2 hood of the Assassin {Detection Stab+ Stlth++}
 26237 | Lair:1   | Identified the +8 whip "Impslayer" {drain, rC- rN++ MP+9
                  | Stlth+}
 26239 | Lair:1   | Noticed a boulder beetle
 26239 | Lair:1   | Noticed a boulder beetle
 27592 | Lair:1   | Killed a boulder beetle
 27906 | Lair:1   | Killed a boulder beetle
 28832 | Lair:1   | Glimpsed the power of Zot.
 29039 | Lair:1   | Reached XP level 13. HP: 36/76 MP: 2/20
 29436 | Lair:2   | Found a corrupted altar of Lugonu.
 29856 | Lair:2   | Found a one-way gate to the infinite horrors of the Abyss.
 30123 | Lair:2   | Found a hole to the Spider Nest.
 31112 | Lair:3   | Found a frozen archway.
 31141 | IceCv    | Entered an ice cave
 32811 | IceCv    | Noticed a frost giant
 32872 | IceCv    | Identified the +8 great mace of the Seeker {flame, rElec}
 32921 | IceCv    | Killed a frost giant
 33816 | Lair:2   | Reached skill level 10 in Fighting
 33820 | Lair:2   | Reached skill level 1 in Evocations
 34470 | Lair:3   | Noticed a seven-headed hydra
 34472 | Lair:3   | Noticed an eight-headed hydra
 34597 | Lair:3   | Killed a six-headed hydra
 34598 | Lair:3   | Reached XP level 14. HP: 88/88 MP: 18/21
 34683 | Lair:3   | Reached skill level 5 in Evocations
 34783 | Lair:3   | Found a staircase to the Swamp.
 34866 | Lair:3   | Noticed Urug
 34870 | Lair:3   | Killed Urug
 35054 | Lair:3   | Found a snail-covered altar of Cheibriados.
 35895 | Lair:4   | Noticed Kirke
 35911 | Lair:4   | Noticed a sphinx
 35913 | Lair:4   | HP: 4/88 [lindwurm/blast of flame[Kirke] (12)]
 37356 | Lair:4   | Killed Kirke
 38982 | Lair:5   | Reached skill level 10 in Spellcasting
 38995 | Lair:5   | Acquired the +1 pair of boots of Objectivity {Fly Int+3}
 40786 | Lair:6   | Entered Level 6 of the Lair of Beasts
 41377 | Lair:6   | Reached skill level 10 in Stealth
 41386 | Lair:6   | Reached XP level 15. HP: 55/92 MP: 18/29
 41751 | Lair:6   | Found a large runed translucent door.
 41756 | Lair:6   | Found a large runed translucent door.
 42505 | Lair:6   | Found a runed translucent door.
 42505 | Lair:6   | Found a viscous altar of Jiyva.
 42505 | Lair:6   | Noticed an azure jelly
 42952 | Lair:6   | Found a staircase to the Slime Pits.
 45607 | D:10     | Killed Snorg
 46585 | D:12     | Reached skill level 10 in Dodging
 47136 | D:11     | Found a radiant altar of Vehumet.
 47218 | D:11     | Reached skill level 1 in Armour
 49146 | Orc:1    | Entered Level 1 of the Orcish Mines
 49582 | Orc:2    | Entered Level 2 of the Orcish Mines
 49837 | Orc:2    | Found a staircase to the Elven Halls.
 49881 | Orc:1    | Found a transporter.
 49911 | Orc:1    | Found a transporter.
 49926 | Orc:1    | Noticed an orc warlord
 50015 | Orc:1    | Noticed Tocho's ghost (journeyman HuFi)
 50231 | Orc:2    | Found Cali's Gadget Gallery.
 51222 | Orc:2    | Found Kuvott's General Store.
 51224 | Orc:2    | Found Xialir's General Store.
 51229 | Orc:2    | Bought a scroll of teleportation for 45 gold pieces
 51231 | Orc:2    | Bought a potion of haste for 130 gold pieces
 51231 | Orc:2    | Bought a potion of curing for 39 gold pieces
 51231 | Orc:2    | Bought a potion of might for 52 gold pieces
 52159 | Orc:2    | Reached skill level 5 in Armour
 53602 | Orc:2    | Found Ruoxky's Antique Weapon Emporium.
 53602 | Orc:2    | Found a one-way gate leading to the halls of Pandemonium.
 53602 | Orc:2    | Found Lisus's Jewellery Shoppe.
 53955 | Orc:2    | Reached XP level 16. HP: 95/97 MP: 23/30
 54245 | Orc:2    | Bought the ring of Springtime {rPois rN+ Slay-2 SInv} for
                  | 378 gold pieces
 54407 | Orc:2    | Bought a tin of tremorstones (2/2) for 440 gold pieces
 54407 | Orc:2    | Bought a condenser vane for 440 gold pieces
 54505 | D:9      | Bought a box of beasts for 1080 gold pieces
 55158 | D:13     | Found a portal to a secret trove of treasure.
 55453 | D:14     | Found a gate to the Vaults.
 55478 | D:14     | Found a gate leading to a gauntlet.
 55486 | Gauntlet | Entered a Gauntlet
 55486 | Gauntlet | Found a transporter.
 55492 | Gauntlet | Found a transporter.
 55545 | Gauntlet | Found a transporter.
 55555 | Gauntlet | Found a transporter.
 55572 | Gauntlet | Found the +3 pair of seven-league boots {Rampage+∞}
 55572 | Gauntlet | Found a transporter.
 55626 | Gauntlet | Found a transporter.
 55696 | Gauntlet | Found a transporter.
 55696 | Gauntlet | Found a transporter.
 55721 | Gauntlet | Found a runed translucent door.
 55725 | Gauntlet | Found a runed translucent door.
 55741 | Gauntlet | Found a transporter.
 55741 | Gauntlet | Found a transporter.
 56140 | Gauntlet | Identified the ring "Nuohut" {rPois Str+6 Int+5 Dex-4}
 56323 | Gauntlet | Paralysed by a great orb of eyes for 2 turns
 56475 | Gauntlet | Identified the ring "Vuvaqiom" {Contam rPois rC+ Int+5}
 56501 | Gauntlet | Found the +3 warlock's mirror {reflect}
 56742 | Gauntlet | Got the Handbook of Transformation
 57059 | D:13     | You paid a toll of +2 storm dragon scales to enter a
                  | treasure trove
 57060 | Trove    | Entered a treasure trove
 57063 | Trove    | Identified the ring "Yfufuory" {rF+ rCorr}
 57078 | Trove    | Identified the +2 falchion of the Modern Lovers {flame,
                  | rC+}
 57089 | Trove    | Identified the ring "Noulov" {rF+ rN++ rCorr EV+4 Dex-4}
 57110 | Trove    | Identified the +6 plate armour "Yrifoq" {*Slow rPois
                  | Will+++ Str+6}
 57240 | D:14     | Reached skill level 1 in Shields
 57793 | D:14     | Found a blossoming altar of Fedhas.
 58188 | D:14     | Reached skill level 15 in Stealth
 58315 | D:15     | Entered Level 15 of the Dungeon
 58372 | D:15     | Found a staircase to the Depths.
 59144 | D:15     | Reached skill level 5 in Shields
 59328 | D:15     | Identified the +7 hand crossbow of Contention {venom, Fly
                  | rElec Dex-2 Stlth+}
 60596 | D:10     | Killed Erolcha
 60755 | D:10     | Found a broken altar of Ashenzari.
 61252 | Orc:1    | Found a bloodstained altar of Trog.
 62390 | Orc:1    | Killed Tocho's ghost
 63472 | Orc:1    | Reached XP level 17. HP: 86/102 MP: 5/31
 63622 | Orc:1    | Found a transporter.
 63628 | Orc:1    | Found a transporter.
 64088 | Spider:1 | Entered Level 1 of the Spider Nest
 65512 | Spider:1 | Reached skill level 10 in Evocations
 67681 | Spider:3 | Noticed Asterion
 69815 | Spider:3 | Noticed an Executioner
 70158 | Spider:2 | Killed Asterion
 70592 | Spider:3 | Reached XP level 18. HP: 107/107 MP: 32/32
 70639 | Spider:3 | Reached skill level 15 in Evocations
 70695 | Spider:3 | Reached skill level 1 in Crossbows
 71884 | Spider:4 | Entered Level 4 of the Spider Nest
 72385 | Spider:4 | Noticed Bai Suzhen
 73192 | Spider:3 | Killed Bai Suzhen
 73193 | Spider:3 | Reached skill level 5 in Crossbows
 74503 | Spider:4 | Noticed Arachne
 74512 | Spider:4 | Killed Arachne
 75477 | Spider:4 | Reached skill level 10 in Crossbows
 76413 | Spider:4 | Identified the +3 ring mail of Duuny {rF- rN+++ Regen+}
 76436 | Spider:4 | Learned a level 1 spell: Apportation
 78667 | Spider:4 | Reached XP level 19. HP: 104/112 MP: 30/33
 79083 | Spider:4 | Got a gossamer rune of Zot
 79284 | Lair:2   | Bought the ring of Untruth {Ice Int+3 Slay+5} for 593 gold
                  | pieces
 79390 | Lair:2   | Bought a potion of curing for 93 gold pieces
 79390 | Lair:2   | Bought a scroll of teleportation for 93 gold pieces
 79390 | Lair:2   | Bought a fine leather armour for 217 gold pieces
 79390 | Lair:2   | Identified the +5 leather armour "Cenwem" {Stlth+} (You
                  | bought it in a shop on level 2 of the Lair of Beasts)
 79456 | Swamp:1  | Entered Level 1 of the Swamp
 81143 | Swamp:2  | Reached skill level 15 in Dodging
 82078 | Swamp:3  | Learned a level 2 spell: Slow
 82083 | Swamp:3  | Learned a level 4 spell: Cause Fear
 82087 | Swamp:3  | Learned a level 3 spell: Portal Projectile
 82682 | Swamp:4  | Entered Level 4 of the Swamp
 82773 | Swamp:4  | Found a runed translucent gate.
 82773 | Swamp:4  | Found a runed translucent gate.
 82773 | Swamp:4  | Found a runed translucent gate.
 82789 | Swamp:4  | Noticed a tentacled monstrosity
 83512 | Swamp:4  | Reached XP level 20. HP: 120/125 MP: 32/34
 83711 | Swamp:4  | Got a decaying rune of Zot
 84169 | Swamp:4  | Noticed Roxanne
 85049 | Swamp:4  | Paralysed by a hornet for 1 turns
 85677 | Swamp:4  | Noticed Deodd's ghost (adept GrFi)
 85760 | Swamp:4  | Killed Roxanne
 86162 | Swamp:4  | Killed a tentacled monstrosity
 86875 | Vaults:1 | Entered Level 1 of the Vaults
 87041 | Vaults:1 | Found the +9 scales of the Dragon King {rPois rF+ rC+
                  | Will+}
 87098 | Vaults:1 | Reached skill level 15 in Fighting
 87527 | Vaults:1 | Identified the +8 dagger of Nightmares {venom, Int+2}
 89670 | Vaults:2 | Found a runed translucent gate.
 89670 | Vaults:2 | Found a runed translucent gate.
 89671 | Vaults:2 | Found a runed translucent gate.
 89672 | Vaults:2 | Identified the +0 chain mail "Zathriyre" {rElec rC+ Str+3}
 89972 | Vaults:2 | Found a staircase to the Crypt.
 91210 | Vaults:2 | Found Hetoser's General Store.
 91330 | Vaults:2 | Bought a scroll of silence for 112 gold pieces
 91330 | Vaults:2 | Bought a phial of floods for 600 gold pieces
 91621 | Vaults:2 | Reached XP level 21. HP: 107/134 MP: 27/35
 92133 | Vaults:2 | Noticed Yloucecuu's ghost (veteran SpEn)
 92138 | Vaults:2 | Identified the +4 plate armour "Jire" {Will+}
 92164 | Vaults:2 | Killed Yloucecuu's ghost
 92166 | Vaults:2 | Reached skill level 10 in Armour
 92535 | Vaults:2 | Identified the +0 pair of boots of Peerro {Harm Int-2
                  | Dex+7}
 93502 | Vaults:3 | Found a runed translucent gate.
 93507 | Vaults:3 | Found a runed translucent gate.
 93511 | Vaults:3 | Noticed Viffuud's ghost (master GrBe)
 93537 | Vaults:3 | Found a runed translucent gate.
 93716 | Vaults:3 | Found Liuwna's Assorted Antiques.
 94072 | Vaults:3 | Bought glowing swamp dragon scales for 2014 gold pieces
 96409 | Vaults:3 | Noticed Mara
 96413 | Vaults:3 | Killed Mara
 97284 | Vaults:3 | Found a runed translucent gate.
 97292 | Vaults:3 | Found a runed translucent gate.
 97528 | Vaults:3 | Found Liuwna's Assorted Antiques.
 98196 | Vaults:3 | Reached XP level 22. HP: 128/140 MP: 26/36
100764 | Vaults:4 | Reached skill level 1 in Translocations
101465 | Vaults:4 | Found a gateway to a bazaar.
101479 | Bazaar   | Entered a bazaar
101505 | Bazaar   | Found Cene's Antique Armour Boutique.
101519 | Bazaar   | Found Ostruon's Book Emporium.
101535 | Bazaar   | Found Aklirgh's General Store.
101585 | Bazaar   | Found Koeduq's Antique Weapon Shop.
101593 | Bazaar   | Found Houdothrym's Magic Scroll Shop.
101643 | Bazaar   | Bought a potion of haste for 130 gold pieces
101655 | Bazaar   | Bought a runed cloak for 270 gold pieces
101655 | Bazaar   | Bought a pair of glowing boots for 270 gold pieces
101691 | Bazaar   | Bought a scroll of enchant weapon for 112 gold pieces
101691 | Bazaar   | Bought a scroll of enchant weapon for 112 gold pieces
101691 | Bazaar   | Bought a scroll of fear for 52 gold pieces
101691 | Bazaar   | Bought a scroll of magic mapping for 52 gold pieces
101691 | Bazaar   | Bought a scroll of summoning for 142 gold pieces
101691 | Bazaar   | Bought a scroll of teleportation for 45 gold pieces
101691 | Bazaar   | Bought a scroll of teleportation for 45 gold pieces
101746 | Bazaar   | Bought an embroidered scarf for 288 gold pieces
101793 | Vaults:4 | Gained mutation: Your mind is acute. (Int +2) [potion of
                  | mutation]
101793 | Vaults:4 | Gained mutation: You are partially covered in iridescent
                  | scales. (AC +2) [potion of mutation]
101793 | Vaults:4 | Gained mutation: Your spells are a little harder to cast,
                  | but a little more powerful. [potion of mutation]
102131 | Elf:1    | Entered Level 1 of the Elven Halls
104312 | Elf:1    | Found Dasul's General Store.
104338 | Elf:1    | Bought a scroll of blinking for 97 gold pieces
104338 | Elf:1    | Bought a scroll of teleportation for 39 gold pieces
104537 | Elf:1    | Reached skill level 5 in Conjurations
104537 | Elf:1    | Reached skill level 5 in Ice Magic
104978 | Elf:1    | Found a transporter.
105002 | Elf:1    | Noticed Pottery's ghost (journeyman DsBe)
105002 | Elf:1    | Identified the ring "Novve" {MP+9 Str+2 Dex+4}
105044 | Elf:1    | Found a transporter.
105123 | Elf:1    | Reached skill level 5 in Translocations
105149 | Elf:1    | Identified the ring of Iluciol {rC+++ Will+++ MP+9 Str+4
                  | Int-3}
105783 | Elf:2    | Found Alurehew's Weapon Boutique.
105785 | Elf:2    | Found Lomnon's Assorted Antiques.
105787 | Elf:2    | Found Givvimocw's Antique Armour Boutique.
105999 | Elf:2    | Found a runed translucent gate.
105999 | Elf:2    | Found a runed translucent gate.
106000 | Elf:2    | Found a runed translucent gate.
106073 | Elf:2    | Reached XP level 23. HP: 128/144 MP: 37/37
108030 | Elf:3    | Entered Level 3 of the Elven Halls
108488 | Elf:3    | Found Dafu's Book Shoppe.
108501 | Elf:3    | Bought a book of Minor Magic for 260 gold pieces
108504 | Elf:3    | Learned a level 2 spell: Blink
108508 | Elf:3    | Learned a level 3 spell: Mephitic Cloud
108760 | Elf:3    | Found a radiant altar of Vehumet.
108775 | Elf:3    | Reached skill level 1 in Air Magic
108775 | Elf:3    | Reached skill level 1 in Poison Magic
109419 | Elf:3    | Reached skill level 5 in Air Magic
109419 | Elf:3    | Reached skill level 5 in Poison Magic
109736 | Elf:3    | Identified the +0 chain mail "Kur Viqay" {Slay+3}
109741 | Elf:3    | Reached XP level 24. HP: 150/150 MP: 37/37
109806 | Elf:3    | Identified the +8 scimitar of Callousness {freeze, rPois
                  | rC+}
109807 | Elf:3    | Identified the +5 trident "Apnoir" {freeze, Fragile rElec
                  | rF+}
110073 | Elf:1    | Killed Pottery's ghost
110259 | Elf:1    | Got Lugonu's Catalogue of Dislocation
110606 | Swamp:4  | Killed Deodd's ghost
112724 | Vaults:3 | Found Liuwna's Assorted Antiques.
113691 | Vaults:3 | Found Liuwna's Assorted Antiques.
114549 | Vaults:3 | Found Liuwna's Assorted Antiques.
115597 | Depths:1 | Entered Level 1 of the Depths
116304 | Depths:1 | Found a basalt altar of Yredelemnul.
117902 | Depths:1 | Found a runed translucent door.
118041 | Depths:1 | Found a gateway to Hell.
118459 | Depths:1 | Identified the +5 ring mail of the Dwarven Hall {rElec rF+
                  | rCorr Dex+3}
119556 | Depths:2 | Reached XP level 25. HP: 51/148 MP: 16/37
120466 | Depths:2 | Found a broken altar of Ashenzari.
121976 | Depths:3 | Found a gateway to a ziggurat.
122931 | Depths:3 | Found a bloodstained altar of Trog.
123987 | Depths:3 | Noticed the Enchantress
123991 | Depths:3 | Killed the Enchantress
125609 | Depths:4 | Reached XP level 26. HP: 101/170 MP: 32/37
127692 | Depths:4 | Identified the +10 trident of Hubris {protect, rF+++ Str-5
                  | Int+5 Dex+3}
127694 | Depths:4 | Noticed Frederick
127716 | Depths:4 | Killed Frederick
129009 | Depths:4 | Slain by a spriggan berserker

Illustrated notes

Levels and vault maps discovered:
D:1:      amcnicky_arrival_choice, layout_rooms, ebering_ecumenical_altar_rust
D:2:      layout_basic, serial_shops, nicolae_shop_crystal
D:3:      layout_basic, cheibrodos_sewer_entry_bend
D:4:      layout_basic
D:5:      layout_loops_ring, uniq_crazy_yiuf_cottage
D:6:      layout_cave_pools, lemuel_doored_altar, minmay_temple_entry_glass
D:7:      layout_gridville, lemuel_tele_altar, hellmonk_bongcloud_opening,
          hangedman_abyss_or_decor_stabs, uniq_prince_ribbit1
D:8:      minmay_separated_statues, layout_gridville, nzn_random_ring
D:9:      layout_rooms, grunt_temple_overflow_gold_and_silver,
          nicolae_overflow_hidden_temple, lair_entry_dummy,
          minmay_orc_entry_temple_small, serial_shops, nicolae_stop_n_shop_2
D:10:     layout_roguey, kennysheep_little_box, uniq_psyche, uniq_sonja,
          uniq_snorg, uniq_erolcha
D:11:     layout_basic, nicolae_vehumet_altar_sigil
D:12:     layout_small_grid, drop_trap, abandoned_shop, patterned_corridor
D:13:     layout_roguey, serial_glass, glass_columns_a, glass_columns_a,
          nicolae_trove_entry_crystal
D:14:     layout_basic, erik_vaults_2, fedhas_altar_fruit_tree,
          gauntlet_entry_generic
D:15:     grunt_enter_depths_giant_problem, layout_loops_ring, serial_glass,
          glass_columns_a, glass_columns_b, fungi_pond_lemuel
Temple:   eino_narrow_crystal_temple
Lair:1:   gammafunk_indiana_jones, layout_layer_cave, st_stairs_8,
          grunt_megastairs_2
Lair:2:   layout_gridlike, nicolae_spider_entry_non_spiders,
          chequers_serial_rivers_micro_b, amcnicky_altar_lugonu_corruption,
          serial_bayou_shore_b
Lair:3:   layout_gridlike, palyth_hydra_swamp_entry, portal_ice_cave_rime,
          basic_altar, lemuel_fruit_fields, uniq_urug
Lair:4:   layout_concentric_octagons, grunt_megastairs_3, uniq_kirke
Lair:5:   layout_layer_cave, small_statue_intersection
Lair:6:   cheibrodos_lair_end_hotspot, layout_regular_city, slime_altar_2,
          eino_house_with_fridge
Swamp:1:  nicolae_swamp_tree_isthmus, layout_basic_swamp, serial_swamp_ruin,
          evilmike_swamp_ruin_house_5, evilmike_swamp_ruin_house_2,
          evilmike_swamp_ruin_house_6, swamp_pool3
Swamp:2:  layout_basic_swamp, infiniplex_staircase_pool_2
Swamp:3:  layout_basic_swamp, evilmike_swamp_ruin_house_4
Swamp:4:  swamp_alternative, layout_basic_swamp, gammafunk_ghost_split,
          uniq_roxanne
Spider:1: layout_chambers, nicolae_spider_bzzzt
Spider:2: layout_spider_delve
Spider:3: layout_spider_delve, uniq_asterion
Spider:4: floodkiller_spider_rune_tomb, beargit_elvish_explorers,
          uniq_bai_suzhen, uniq_arachne
Orc:1:    layout_caves, gammafunk_ghost_wrathful_warriors, basic_altar
Orc:2:    pf_orc_diabolical, layout_caves, nicolae_shop_gadgets
Elf:1:    layout_loops_ring, serial_shops, shop, gammafunk_ghost_abyssal_escape,
          kennysheep_underground_church, nicolae_elf_stone_circles,
          hangedman_elven_crosses_minicolossus
Elf:2:    layout_geoelf_grid, minmay_shop_star
Elf:3:    minmay_elf_hall_four_x, layout_loops_ring, basic_altar, serial_shops,
          shop, serial_sigils_hangedman_gut
Vaults:1: nicolae_vaults_disjoint_gnomons, vaults_room_grid,
          vaults_room_hallway, nicolae_vaults_mini_display_case,
          ontoclasm_vaults_ring_small, nicolae_vaults_ninety_degrees, v_misc_26,
          nicolae_vaults_shelves_hall, v_misc_4, v_misc_12,
          nicolae_vaults_little_squares_1, nicolae_vaults_theta,
          layout_vaults_ring
Vaults:2: biasface_vaults_ghost_orc_armoury, v_alt_pattern_1,
          grunt_vaults_focal, nicolae_vaults_rhombus_6, vaults_room_ringed_pool,
          grunt_vaults_hallway_short, minmay_crypt_entry_simple_plaza,
          v_misc_31, ontoclasm_vaults_misaligned, hangedman_vaults_capsules,
          nicolae_vaults_rhombus_5, layout_vaults_omnigrid, serial_shops,
          nicolae_diamond_shop
Vaults:3: gammafunk_vaults_ghost_split, nicolae_vaults_arrows,
          dpeg_vaults_monster_box, vaults_room_door_ring,
          hangedman_vaults_impose, nicolae_vaults_border_crossing, v_misc_27,
          vaults_mumra_minichess, ontoclasm_vaults_eye,
          nicolae_vaults_diagonal_hallway_7, vaults_room_stairs_pillars,
          layout_vaults_omnicross, serial_shops,
          nicolae_shop_temple_entry_statues_fountains, uniq_mara
Vaults:4: vaults_mumra_hex, dpeg_vaults_monster_row, vaults_mumra_chevron,
          hangedman_vaults_unwind, kb_rosetta,
          nicolae_vaults_diagonal_hallway_7, vaults_room_corners,
          layout_vaults_chaotic_city, serial_shops, bzr_firewalk
Depths:1: minmay_distorted_concentric_squares, layout_cave_pools,
          yredelemnul_altar_generic, lightli_too_deep, lightli_gold_pyramid
Depths:2: minmay_spriggan_fort, layout_cave_pools, ashenzari_altar_1,
          hell_entry, serial_column_ruins, column_ruins_grid_1,
          column_ruins_columns_straight, column_ruins_grid_3,
          column_ruins_columns_straight, column_ruins_open_small
Depths:3: spriggan_forest, hell_entry, abyss_entry, pan_entry
Depths:4: evilmike_halls_of_destruction, layout_twisted_cross, abyss_entry,
          grunt_hell_entry_dis_old, serial_bayou_shore_b,
          minmay_staircase_windowed_large, grunt_megastairs_5

Skill      XL: |  1  2  3  4  5  6  7  8  9 10 11 12 13 14 15 16 17 18 19 20 21 22 23 24 25 26 |
---------------+-------------------------------------------------------------------------------+-----
Fighting       | 1 2 3 4 5 7 10 13 15 18 20 | 20.0
Ice Magic      | 1 2 5 |  5.0
Stealth        | 5 10 12 15 19 20 | 20.0
Hexes          | 4 5 6 8 10 | 10.0
Spellcasting   | 4 5 10 | 10.0
Dodging        | 5 10 12 15 18 20 | 20.0
Long Blades    | 3 6 8 10 12 13 | 13.9
Conjurations   | 2 5 |  5.0
Evocations     | 4 5 8 14 15 18 20 | 20.0
Armour         | 5 9 10 | 10.0
Shields        | 5 6 |  6.7
Crossbows      | 10 | 10.0
Translocations | 5 |  5.0
Air Magic      | 5 |  5.0
Poison Magic   | 5 |  5.0
Short Blades   | |  1.3

Action                   |  1- 3 |  4- 6 |  7- 9 | 10-12 | 13-15 | 16-18 | 19-21 | 22-24 | 25-27 || total
-------------------------+-------+-------+-------+-------+-------+-------+-------+-------+-------++-------
Melee: Dagger            |    56 |    79 |   154 |   226 |    47 |    15 |       |       |       ||   577
       Short sword       |       |       |     6 |     7 |       |       |       |       |       ||    13
       Long sword        |       |       |       |   155 |   883 |   270 |       |       |       ||  1308
       Unarmed           |       |       |       |       |     5 |       |       |       |       ||     5
       Demon blade       |       |       |       |       |       |   920 |  1059 |  1518 |  1038 ||  4535
 Fire: Shortbow          |       |       |       |    31 |       |       |       |       |       ||    31
       Hand crossbow     |       |       |       |       |       |       |       |    31 |       ||    31
Throw: Dart              |       |     2 |     2 |     4 |     1 |       |       |       |       ||     9
 Cast: Corona            |     4 |       |       |       |       |       |       |       |       ||     4
       Ensorcelled Hiber |    28 |    42 |    65 |   182 |   191 |   158 |   103 |    43 |    13 ||   825
       Confusing Touch   |       |     5 |     7 |    13 |    12 |     2 |       |       |     2 ||    41
       Tukima's Dance    |       |     2 |     9 |    17 |     2 |     4 |       |     2 |       ||    36
       Dazzling Flash    |       |       |       |       |    21 |    17 |    11 |     9 |     8 ||    66
Invok: Potion Petition   |       |       |       |     4 |     5 |     5 |     4 |     1 |     1 ||    20
       Call Merchant     |       |       |       |       |       |       |     2 |       |       ||     2
 Abil: Evoke Invisibilit |       |       |       |       |       |       |     1 |       |       ||     1
Evoke: Piece from Xom's  |       |       |       |     8 |       |       |       |       |       ||     8
       Wand              |       |       |       |       |     8 |    17 |     2 |    25 |    12 ||    64
       Tin of tremorston |       |       |       |       |       |     6 |     6 |     6 |     6 ||    24
       Condenser vane    |       |       |       |       |       |     4 |     4 |     4 |     4 ||    16
       Box of beasts     |       |       |       |       |       |     2 |       |     1 |       ||     3
       Lightning rod     |       |       |       |       |       |       |       |     4 |       ||     4
       Phial of floods   |       |       |       |       |       |       |       |     1 |       ||     1
       Phantom mirror    |       |       |       |       |       |       |       |     1 |       ||     1
  Use: Scroll            |     4 |     2 |     9 |    17 |     8 |    19 |     8 |    13 |     7 ||    87
       Potion            |     2 |       |       |    11 |     4 |    11 |     5 |     6 |     3 ||    42
 Stab: Sleeping          |    25 |    32 |    36 |    79 |   174 |   124 |   102 |    74 |    47 ||   693
       Confused          |       |     5 |     9 |    19 |    11 |     3 |       |       |     3 ||    50
       Distracted        |       |       |       |     1 |    12 |    13 |    19 |    19 |    13 ||    77
       Petrified         |       |       |       |     1 |       |       |       |       |       ||     1
       Invisible         |       |       |       |       |     8 |    10 |     9 |     7 |     4 ||    38
       Paralysed         |       |       |       |       |       |     2 |       |       |       ||     2
Armor: Robe              |     7 |     3 |    42 |   122 |   149 |     6 |       |       |       ||   329
       Skin              |       |       |       |     5 |       |       |       |       |       ||     5
       Ring mail         |       |       |       |       |       |   313 |   140 |    45 |       ||   498
       Swamp dragon scal |       |       |       |       |       |       |    43 |   273 |   238 ||   554
Dodge: Dodged            |    54 |    42 |   117 |   450 |   726 |   965 |   640 |   895 |   705 ||  4594
Block: Buckler           |       |       |       |       |       |   439 |   386 |   496 |   377 ||  1698
       Reflection        |       |       |       |       |       |    11 |    33 |    72 |     7 ||   123
       Rpst.: Long sword |       |       |       |    41 |   174 |    67 |       |       |       ||   282
       Demon blade       |       |       |       |       |       |   158 |   138 |   183 |   131 ||   610

Table legend: (Time is in decaauts)
 A = Elapsed time spent in this place.
 B = Non-inter-level travel time spent in this place.
 C = Inter-level travel time spent in this place.
 D = Time resting spent in this place.
 E = Time spent auto-exploring this place.
 F = Levels seen in this place.
 G = Mean time per level.
                   A        B        C        D        E       F      G
               +--------+--------+--------+--------+--------+-----+--------+
         Total | 126570 | 120298 |   6272 |  52826 |  49294 |  47 | 2693.0 |
       Dungeon |  34857 |  31735 |   3122 |  13458 |  13482 |  15 | 2323.8 |
        Temple |    186 |    173 |     13 |      0 |    172 |   1 |  186.0 |
          Lair |  18994 |  18170 |    824 |   6555 |   9482 |   6 | 3165.7 |
         Swamp |   8145 |   7772 |    373 |   3921 |   2849 |   4 | 2036.2 |
   Spider Nest |  13994 |  13749 |    245 |   7430 |   4300 |   4 | 3498.5 |
  Orcish Mines |  10075 |   9464 |    611 |   6517 |   1419 |   2 | 5037.5 |
   Elven Halls |   6060 |   5867 |    193 |   2128 |   2484 |   3 | 2020.0 |
        Vaults |  18303 |  17855 |    448 |   6669 |   9074 |   4 | 4575.8 |
        Depths |  11893 |  11453 |    440 |   4235 |   4974 |   4 | 2973.2 |
        Bazaar |    280 |    280 |      0 |     22 |    136 |   1 |  280.0 |
         Trove |     75 |     75 |      0 |      0 |      0 |   1 |   75.0 |
      Ice Cave |   2315 |   2315 |      0 |   1212 |    630 |   1 | 2315.0 |
      Gauntlet |   1386 |   1386 |      0 |    676 |    292 |   1 | 1386.0 |
               +--------+--------+--------+--------+--------+-----+--------+

Top non-repeatable levels by time:
Vaults:3: 9649 daAuts
  Lair:1: 6908 daAuts
   Orc:2: 5889 daAuts
Spider:4: 4838 daAuts
Depths:3: 4683 daAuts
   Orc:1: 4186 daAuts
    D:11: 3852 daAuts
     D:8: 3844 daAuts
Spider:3: 3827 daAuts
     D:9: 3610 daAuts
    D:10: 3311 daAuts
Vaults:2: 3226 daAuts
    D:15: 3059 daAuts
 Swamp:4: 2995 daAuts
  Lair:4: 2811 daAuts
